 Dungeon Crawl Stone Soup version 0.23-a0-451-g1044d4c (webtiles) character file.

294118 Dfrag the Scorcher (level 20, -8/187 HPs)
             Began as a Naga Fire Elementalist on Nov 23, 2018.
             Was the Champion of Vehumet.
             Shot with an arrow by a deep elf master archer (33 damage)
             ... on level 3 of the Elven Halls on Nov 24, 2018.
             The game lasted 02:00:34 (46746 turns).

Dfrag the Scorcher (Naga Fire Elementalist)        Turns: 46746, Time: 02:00:35

Health: -8/187     AC: 25    Str: 12    XL:     20   Next: 84%
Magic:  14/41      EV:  7    Int: 32    God:    Vehumet [******]
Gold:   1354       SH:  7    Dex: 18    Spells: 3/53 levels left

rFire    + + +     SeeInvis +   g - staff of energy
rCold    + . .     Gourm    .   b - +3 buckler {rC+ rF+}
rNeg     + . .     Faith    .   N - +2 robe {rF+}
rPois    +         Spirit   .   T - +2 hat "Olal" {Dex+5}
rElec    .         Reflect  .   y - +1 cloak "Sigauqok" {Str+5}
rCorr    .         Harm     .   a - +2 pair of gloves "Motz" {*Contam rF+ Int+5}
MR       ++...                  F - +3 naga barding {rF+}
Stlth    +++++.....             V - amulet of magic regeneration
HPRegen  0.41/turn              J - +3 ring of intelligence
MPRegen  0.52/turn              Y - ring of Fixation {rPois rF+ rN+ Str-5 Int+2}

@: very slightly contaminated, very slow
A: large, iridescent scales 1, see invisible, deformed body, poison resistance,
slowness 2, slow metabolism 1, spit poison 2, wild magic 1, constrict 1, AC +6
}: 2/15 runes: decaying, serpentine
a: Breathe Poison Gas, Renounce Religion


You were on level 3 of the Elven Halls.
You worshipped Vehumet.
Vehumet was exalted by your worship.
You were not hungry.

You visited 8 branches of the dungeon, and saw 36 of its levels.
You also visited: Labyrinth, Sewer, Bailey, Ice Cave and Volcano.

You collected 3746 gold pieces.
You spent 2392 gold pieces at shops.

Inventory:

Missiles
 q - 15 javelins of penetration (quivered)
Armour
 a - the +2 pair of gloves "Motz" (worn) {*Contam rF+ Int+5}
   (You acquired it on level 2 of the Orcish Mines)

   It affects your intelligence (+5).
   It protects you from fire.
   It causes magical contamination when unequipped.
 b - a +3 buckler of resistance (worn)
 p - a +1 large shield of protection
 y - the +1 cloak "Sigauqok" (worn) {Str+5}
   (You found it on level 3 of the Snake Pit)

   It affects your strength (+5).
 F - a +3 naga barding of fire resistance (worn)
 N - a +2 robe of fire resistance (worn)
 T - the +2 hat "Olal" (worn) {Dex+5}
   (You acquired it on level 2 of the Orcish Mines)

   It affects your dexterity (+5).
Magical Staves
 g - an uncursed staff of energy (weapon)
 G - an uncursed staff of fire
 U - an uncursed staff of conjuration
Jewellery
 j - the ring of Birdsong {MR+ MP+9 Str-4 Dex+3}
   (You found it on level 14 of the Dungeon)

   [ring of magical power]

   It affects your strength (-4).
   It affects your dexterity (+3).
   It affects your resistance to hostile enchantments.
   It affects your magic capacity (+9).
 J - a +3 ring of intelligence (left hand)
 V - an amulet of magic regeneration (around neck)
 Y - the ring of Fixation (right hand) {rPois rF+ rN+ Str-5 Int+2}
   (You found it in a labyrinth)

   [ring of protection from fire]

   It affects your strength (-5).
   It affects your intelligence (+2).
   It protects you from fire.
   It protects you from poison.
   It protects you from negative energy.
Wands
 r - a wand of scattershot (6)
 I - a wand of clouds (7)
 K - a wand of digging (16)
 X - a wand of acid (28)
Scrolls
 d - 5 scrolls of teleportation
 e - a scroll of fog
 f - 19 scrolls of remove curse
 i - 8 scrolls of fear
 k - 2 scrolls of identify
 m - 4 scrolls of brand weapon
 t - 4 scrolls of magic mapping
 u - 4 scrolls of vulnerability {unknown}
 w - 10 scrolls of summoning
 C - 8 scrolls of amnesia
 D - 4 scrolls of blinking
 O - 3 scrolls of enchant armour
 P - 3 scrolls of holy word {unknown}
 Q - 3 scrolls of immolation {unknown}
 R - a scroll of torment {unknown}
Potions
 h - 15 potions of curing
 l - 11 potions of heal wounds
 n - 11 potions of flight
 o - 4 potions of mutation
 v - a potion of cancellation {unknown}
 x - 2 potions of might
 z - 4 potions of agility
 A - 4 potions of brilliance {unknown}
 B - 5 potions of magic
 E - 3 potions of ambrosia {unknown}
 H - 6 potions of berserk rage
 L - 4 potions of resistance
 M - 2 potions of invisibility
 S - 3 potions of haste
 W - a potion of experience {unknown}
Comestibles
 c - 47 rations


   Skills:
 - Level 13.2 Fighting
 - Level 1.5 Dodging
 - Level 12.7 Stealth
 + Level 17.2 Spellcasting
 + Level 18.4 Conjurations
 + Level 18.6 Fire Magic
 - Level 5.4 Earth Magic


You had 3 spell levels left.
You knew the following spells:

 Your Spells              Type           Power        Failure   Level  Hunger
a - Flame Tongue          Conj/Fire      #####        1%          1    None
b - Conjure Flame         Conj/Fire      ########     1%          3    None
c - Sticky Flame          Conj/Fire      ########     1%          4    None
d - Fireball              Conj/Fire      ########..   1%          5    None
e - Bolt of Fire          Conj/Fire      ########..   1%          6    None
f - Bolt of Cold          Conj/Ice       #######...   3%          6    None
g - Iskenderun's Mystic   Conj           ########     1%          4    None
h - Iron Shot             Conj/Erth      #######...   1%          6    None
i - Poison Arrow          Conj/Pois      #######...   3%          6    None
j - Fire Storm            Conj/Fire      ########..   36%         9    None

Your spell library contained the following spells:

 Spells                   Type           Power        Failure   Level  Hunger
 Lehudib's Crystal Spear  Conj/Erth      #######...   34%         8    None
 Chain Lightning          Conj/Air       #######...   69%         8    None
 Magic Dart               Conj           ####         1%          1    None
 Sandblast                Erth           ######       1%          1    None
 Sting                    Conj/Pois      ####         1%          1    None
 Searing Ray              Conj           ######       1%          2    None
 Throw Flame              Conj/Fire      ######       1%          2    None
 Dazzling Spray           Conj/Hex       ######       1%          3    None
 Ignite Poison            Fire/Tmut/Pois ######..     1%          3    None
 Inner Flame              Hex/Fire       #######.     1%          3    None
 Mephitic Cloud           Conj/Pois/Air  ######..     1%          3    None
 Stone Arrow              Conj/Erth      ######       1%          3    None
 Passwall                 Tmut/Erth      ######..     2%          2    None
 Animate Skeleton         Necr           N/A          4%          1    None
 Apportation              Tloc           #####.       4%          1    None
 Beastly Appendage        Tmut           #####.       4%          1    None
 Confusing Touch          Hex            #####.       4%          1    None
 Corona                   Hex            #####..      4%          1    None
 Infusion                 Chrm           ####         4%          1    None
 Summon Butterflies       Summ           #####...     4%          1    None
 Summon Small Mammal      Summ           ####         4%          1    None
 Blink                    Tloc           N/A          6%          2    None
 Corpse Rot               Necr           N/A          6%          2    None
 Ensorcelled Hibernation  Hex/Ice        #####.       6%          2    None
 Poisonous Vapours        Pois/Air       #####.       6%          2    None
 Shroud of Golubria       Chrm/Tloc      #####.....   6%          2    None
 Slow                     Hex            #####...     6%          2    None
 Song of Slaying          Chrm           #####...     6%          2    None
 Sticks to Snakes         Tmut           #####...     6%          2    None
 Sublimation of Blood     Necr           #####.....   6%          2    None
 Call Canine Familiar     Summ           #####...     12%         3    None
 Confuse                  Hex            #####...     12%         3    None
 Gell's Gravitas          Tloc           #####.....   12%         3    None
 Lesser Beckoning         Tloc           #####.....   12%         3    None
 Portal Projectile        Hex/Tloc       #####.       12%         3    None
 Regeneration             Chrm/Necr      #####.....   12%         3    None
 Spectral Weapon          Hex/Chrm       #####...     12%         3    None
 Spider Form              Tmut/Pois      #####.....   12%         3    None
 Teleport Other           Tloc           #####...     12%         3    None
 Tukima's Dance           Hex            #####...     12%         3    None
 Force Lance              Conj/Tloc      #######.     1%          4    None
 Fulminant Prism          Conj/Hex       #######...   1%          4    None
 Irradiate                Conj/Tmut      #######...   1%          5    None
 Venom Bolt               Conj/Pois      #######...   1%          5    None
 Lee's Rapid Deconstruct  Erth           ######....   3%          5    None
 Olgreb's Toxic Radiance  Pois           #####...     9%          4    None
 Leda's Liquefaction      Hex/Erth       ######....   12%         4    None
 Petrify                  Tmut/Erth      ######..     12%         4    None
 Yara's Violent Unravell  Hex/Tmut       #####.....   22%         5    None
 Cause Fear               Hex            #####.....   32%         4    None
 Ice Form                 Ice/Tmut       #####...     32%         4    None
 Passage of Golubria      Tloc           N/A          32%         4    None
 Summon Ice Beast         Ice/Summ       #####...     32%         4    None
 Alistair's Intoxication  Tmut/Pois      #####...     65%         5    None
 Blade Hands              Tmut           #####.....   65%         5    None
 Metabolic Englaciation   Hex/Ice        #####.....   65%         5    None
 Summon Forest            Summ/Tloc      #####.....   65%         5    None
 Summon Mana Viper        Hex/Summ       #####...     65%         5    None
 Hydra Form               Tmut           #####.....   99%         6    None
 Summon Hydra             Summ           #####.....   100%        7    None
 Shatter                  Erth           ######....   100%        9    None


Dungeon Overview and Level Annotations

Branches:
Dungeon (15/15)            Temple (1/1) D:4            Lair (6/6) D:8
  Swamp (4/4) Lair:2        Snake (4/4) Lair:2        Slime (0/5) Lair:6
    Orc (2/2) D:10            Elf (3/3) Orc:2        Vaults (1/5) D:13
 Depths (0/5) D:15

Altars:
Ashenzari
Cheibriados
Dithmenos
Gozag
Hepliaklqana
Kikubaaqudgha
Makhleb
Nemelex Xobeh
Okawaru
Qazlal
Sif Muna
Trog
Vehumet
Wu Jian
Xom
Yredelemnul
Zin
The Shining One
Beogh

Shops:
D:5 ?   D:7 [   Orc:2 ?!(([   Elf:3 }   Snake:3 [*!


Innate Abilities, Weirdness & Mutations

You cannot wear boots.
Your serpentine skin is tough. (AC +6)
You have supernaturally acute eyesight. (SInv)
Armour fits poorly on your strangely shaped body.
Your system is resistant to poisons. (rPois)
You cover ground very slowly.
You have a slow metabolism.
You can exhale a cloud of poison.
You can use your snake-like lower body to constrict enemies.
You are partially covered in iridescent scales. (AC +2)
Your spells are a little harder to cast, but a little more powerful.


Message History

You feel your power returning.
The deep elf master archer wields a +0 longbow.
The deep elf master archer shoots an arrow.
The arrow hits you!!
* * * LOW HITPOINT WARNING * * *
A deep elf annihilator comes into view. It is wielding a +0 rapier.
The deep elf master archer shoots an arrow.
The arrow hits you!!
* * * LOW HITPOINT WARNING * * *
Unknown command.
Casting: Sticky Flame (safe; 1% risk of failure)
Confirm with . or Enter, or press ? or * to list all spells.
Okay, then.
You feel much better.
The deep elf high priest calls down the wrath of its god upon you.
The sphere of damnation explodes!
The damnation engulfs you!
* * * LOW HITPOINT WARNING * * *
The deep elf master archer shoots an arrow.
The arrow hits you!!
You die...

........).)).ยง.###
#.........#.#
#......ex)x))))#.#
##########.##
#.....e.....%x#e.#
##.###
#...........###.e#
##.###.
##+#.......##..ee#
####.####.
#######+###...#
#.#.## #.< ##)(#
##.'## ##.. ##)#
#...# #... #@#
##...## #... ###
#.....# #...
#.....# ##..
##########..
###.##'. ###.....#.
#.......##
#.........
#.........


You could see a deep elf master archer, a deep elf annihilator, a deep elf
archer and a deep elf high priest.

Vanquished Creatures
  Saint Roka (Snake:3)
  3 deep elf blademasters
  Asterion (Elf:3)
  Kirke (Lair:4)
  An azure jelly (Swamp:4)
  Roxanne (Snake:1)
  8 nagarajas
  The ghost of Cricketeer the Bludgeoner, a journeyman MiBe of Trog (Swamp:2)
  A frost giant (IceCv)
  3 deep elf sorcerers
  3 orc warlords
  3 deep elf elementalists (Elf:3)
  Nessos (Lair:6)
  3 deep elf demonologists (Elf:3)
  2 green draconians (Swamp:1)
  5 dire elephants (Lair:6)
  5 deep elf annihilators (Elf:3)
  Azrael (Orc:2)
  A minotaur (Lab)
  Snorg (Lair:3)
  A deep elf death mage (Elf:3)
  A merfolk javelineer (D:13)
  The ghost of Umoon the Basher, a journeyman TrWr of the Shining One (D:10)
  5 deep elf high priests (Elf:3)
  A merfolk impaler (D:13)
  Erolcha (Orc:1)
  A yaktaur captain (D:15)
  14 hydras
  Harold (Lair:2)
  3 ice dragons (Swamp:4)
  17 naga warriors
  A vault guard (D:13)
  3 catoblepae
  5 ghost crabs (Swamp:2)
  The ghost of Snicker the Covert, a journeyman DsAs of Gozag (D:13)
  4 shambling mangroves
  4 two-headed ogres
  13 alligators
  5 centaur warriors
  23 dancing weapons
  Erica (D:9)
  17 anacondas
  A death knight (D:12)
  3 tengu warriors
  14 naga sharpshooters
  6 shock serpents
  Urug (Lair:6)
  15 deep elf knights
  Sonja (Lair:2)
  A large abomination (Elf:3)
  2 salamander mystics
  6 swamp dragons
  An unseen horror (D:11)
  2 sea snakes (Snake:2)
  8 naga ritualists
  Pikel (D:5)
  7 spriggan druids
  A phantasmal warrior (D:12)
  6 deep elf archers
  10 orc knights
  41 deep elf magi
  A wolf spider zombie (D:13)
  6 wizards
  4 orc sorcerers
  11 salamanders
  6 mana vipers
  A manticore (D:14)
  24 elephants
  8 slime creatures
  7 ugly things
  An oklob plant (Snake:3)
  4 toenail golems (Volcano)
  3 cyclopes
  Maurice (D:9)
  41 black mambas
  Joseph (D:9)
  2 guardian serpents
  24 naga magi
  5 apocalypse crabs (Swamp:2)
  A centaur zombie (D:13)
  Psyche (D:8)
  An ice statue (IceCv)
  18 spiny frogs
  A gargoyle (D:14)
  8 komodo dragons
  7 freezing wraiths
  5 kobold demonologists
  An efreet (D:15)
  6 rime drakes
  2 ice devils (D:11)
  2 yaktaurs
  19 polar bears
  11 trolls
  16 tyrant leeches
  14 hornets
  9 bog bodies
  5 blink frogs (Lair:4)
  16 hippogriffs
  2 water elementals
  4 air elementals
  8 redbacks (Elf:1)
  6 spriggans
  50 yaks
  2 shadows
  4 fire elementals
  7 hogs (Lair:4)
  9 wyverns
  5 hungry ghosts
  A human (D:8)
  8 basilisks
  28 vampire mosquitoes
  4 swamp worm simulacra (Swamp:4)
  6 wargs
  An acid dragon (D:11)
  17 swamp worms
  45 nagas
  15 insubstantial wisps
  20 water moccasins
  13 hydra simulacra (Swamp:4)
  4 porcupines
  4 hell hounds (Orc:2)
  54 orc warriors
  5 swamp drakes
  2 black bears
  2 hornet zombies
  7 ice beasts
  10 ogres
  2 necrophages (D:11)
  4 sky beasts
  14 wolves
  23 centaurs
  20 crocodiles
  4 big kobolds
  16 bullfrogs
  A gnoll sergeant (D:9)
  2 earth elementals (Elf:1)
  A wyvern skeleton (D:13)
  A hornet simulacrum (D:14)
  8 scorpions
  3 killer bees (D:10)
  9 wights
  4 electric eels
  6 howler monkeys
  8 crimson imps
  3 bullfrog zombies
  2 quasits (D:9)
  6 hounds
  5 jellies
  27 orc wizards
  3 bullfrog skeletons
  22 orc priests
  9 centaur skeletons
  Crazy Yiuf (D:5)
  2 iguanas
  Ijyb (D:5)
  10 hell rats
  10 worker ants
  A killer bee zombie (D:8)
  2 hound zombies
  A hound skeleton (D:8)
  11 gnolls
  3 river rats
  23 adders
  A shadow imp (D:13)
  4 swamp drake simulacra (Swamp:4)
  An ooze (D:5)
  2 adder skeletons
  2 worms
  3 dart slugs
  10 leopard geckos
  155 orcs
  2 ball pythons (Lair:2)
  7 giant cockroaches
  16 goblins
  20 hobgoblins
  6 jackals
  31 kobolds
  4 quokkas
  8 bats
  6 frilled lizards
  A quokka zombie (D:7)
  11 rats
  A bush (Lair:4)
  2 crawling corpses (Elf:3)
  4 fungi
  8 plants
1505 creatures vanquished.

Vanquished Creatures (collateral kills)
  A deep elf elementalist (Elf:3)
  A wolf (IceCv)
  2 crawling corpses (Elf:3)
4 creatures vanquished.

Vanquished Creatures (others)
  A toenail golem (Volcano)
  2 hornets
  A warg (Orc:2)
  A swamp drake (Swamp:4)
  A slave (D:5)
  An adder zombie (D:5)
  A quokka (D:5)
  14 fire vortices (Elf:3)
  7 fungi
  12 plants
41 creatures vanquished.

Grand Total: 1550 creatures vanquished

Notes
Turn   | Place    | Note
-------+----------+-------------------------------------------
     0 | D:1      | Dfrag the Naga Fire Elementalist began the quest for the
                  | Orb.
     0 | D:1      | Reached XP level 1. HP: 15/15 MP: 3/3
   287 | D:1      | Reached XP level 2. HP: 22/22 MP: 5/5
   531 | D:2      | Reached XP level 3. HP: 24/28 MP: 1/6
  1101 | D:2      | Reached XP level 4. HP: 28/36 MP: 5/8
  1407 | D:3      | Learned a level 3 spell: Conjure Flame
  1412 | D:3      | Learned a level 4 spell: Sticky Flame
  1804 | D:3      | Noticed an ogre
  1813 | D:3      | Killed an ogre
  1813 | D:3      | Reached XP level 5. HP: 42/42 MP: 1/10
  2144 | D:3      | Found a bloodstained altar of Trog.
  2285 | D:3      | HP: 1/42 [worker ant (2)]
  2289 | D:3      | Reached XP level 6. HP: 4/49 MP: 1/11
  2718 | D:4      | Found a glowing drain.
  2722 | Sewer    | Entered a sewer
  3045 | Sewer    | Reached skill level 5 in Fire Magic
  3045 | Sewer    | Reached XP level 7. HP: 52/55 MP: 7/13
  3087 | Sewer    | Found a glowing silver altar of Zin.
  3242 | D:4      | Found a staircase to the Ecumenical Temple.
  3249 | Temple   | Entered the Ecumenical Temple
  3353 | Temple   | Became a worshipper of Vehumet
  3662 | D:5      | Entered Level 5 of the Dungeon
  3740 | D:5      | Noticed Pikel
  3761 | D:5      | Killed Pikel
  3761 | D:5      | Reached skill level 5 in Spellcasting
  3761 | D:5      | Reached skill level 5 in Conjurations
  3761 | D:5      | Reached XP level 8. HP: 26/62 MP: 3/15
  3944 | D:5      | Found a runed door.
  4010 | D:5      | Noticed Crazy Yiuf
  4014 | D:5      | Killed Crazy Yiuf
  4094 | D:5      | Noticed Ijyb
  4100 | D:5      | Killed Ijyb
  4284 | D:5      | Found Iqykyge's Magic Scroll Boutique.
  4288 | D:5      | Bought a scroll of identify for 26 gold pieces
  4288 | D:5      | Bought a scroll of identify for 26 gold pieces
  4288 | D:5      | Bought a scroll of noise for 13 gold pieces
  4288 | D:5      | Bought a scroll of identify for 26 gold pieces
  4288 | D:5      | Bought a scroll of teleportation for 39 gold pieces
  4288 | D:5      | Bought a scroll of magic mapping for 45 gold pieces
  4288 | D:5      | Bought a scroll of teleportation for 39 gold pieces
  4574 | D:6      | Reached * piety under Vehumet
  4574 | D:6      | Offered knowledge of Sting by Vehumet.
  4574 | D:6      | Reached XP level 9. HP: 61/68 MP: 10/18
  5294 | D:7      | Found Unneyps's Antique Armour Shop.
  5392 | D:7      | Reached ** piety under Vehumet
  5494 | D:7      | Offered knowledge of Magic Dart by Vehumet.
  6033 | D:8      | Learned a level 5 spell: Fireball
  6074 | D:8      | Noticed Psyche
  6080 | D:8      | Killed Psyche
  6107 | D:7      | Reached XP level 10. HP: 34/75 MP: 0/21
  6357 | D:8      | Offered knowledge of Ignite Poison by Vehumet.
  6497 | D:8      | Noticed a two-headed ogre
  6501 | D:8      | Killed a two-headed ogre
  6544 | D:8      | Noticed a two-headed ogre
  6553 | D:8      | Killed a two-headed ogre
  6584 | D:8      | Found a shimmering altar of Xom.
  6796 | D:8      | Found a shattered altar of Ashenzari.
  6802 | D:8      | Found a glowing golden altar of the Shining One.
  6916 | D:8      | Reached *** piety under Vehumet
  7094 | D:8      | Found a staircase to the Lair.
  7295 | D:9      | Noticed Erica
  7306 | D:9      | Killed Erica
  7306 | D:9      | Offered knowledge of Static Discharge by Vehumet.
  7316 | D:9      | Reached skill level 10 in Fire Magic
  7316 | D:9      | Reached XP level 11. HP: 18/81 MP: 7/23
  7814 | D:9      | Noticed Maurice
  7820 | D:9      | Killed Maurice
  7843 | D:9      | Noticed a deep elf mage
  7887 | D:9      | Killed a deep elf mage
  7887 | D:9      | Reached skill level 10 in Conjurations
  8117 | D:9      | Reached **** piety under Vehumet
  8174 | D:9      | Noticed Joseph
  8180 | D:9      | Killed Joseph
  8180 | D:9      | Offered knowledge of Bolt of Magma by Vehumet.
  8353 | D:10     | Entered Level 10 of the Dungeon
  8731 | D:10     | Learned a level 5 spell: Bolt of Magma
  8778 | D:10     | Found a staircase to the Orcish Mines.
  8792 | D:10     | Found a runed gate.
  8792 | D:10     | Found a runed gate.
  8794 | D:10     | Found a runed gate.
  8794 | D:10     | Noticed Umoon's ghost (journeyman TrWr)
  9398 | D:11     | Found a frozen archway.
  9493 | IceCv    | Entered an ice cave
  9536 | IceCv    | Reached skill level 10 in Spellcasting
 10280 | IceCv    | Reached XP level 12. HP: 88/88 MP: 16/26
 10598 | IceCv    | Noticed a frost giant
 10616 | IceCv    | Killed a frost giant
 11461 | D:11     | Noticed a six-headed hydra
 11465 | D:11     | Killed a six-headed hydra
 11727 | D:11     | Noticed a tengu warrior
 11741 | D:11     | Killed a tengu warrior
 11794 | D:11     | Noticed a tengu warrior
 11803 | D:11     | Killed a tengu warrior
 12545 | D:11     | Noticed a two-headed ogre
 12547 | D:11     | Killed a two-headed ogre
 12547 | D:11     | Gained mutation: You can use your snake-like lower body to
                  | constrict enemies. [Naga growth]
 12547 | D:11     | Reached XP level 13. HP: 94/94 MP: 21/28
 12608 | D:11     | Identified a scroll of acquirement
 12613 | D:11     | Found the +15 Maxwell's patent armour {-Cast -Tele rElec
                  | MR+ rCorr}
 12755 | Lair:1   | Entered Level 1 of the Lair of Beasts
 13051 | Lair:1   | Reached ***** piety under Vehumet
 13430 | Lair:2   | Noticed Sonja
 13432 | Lair:2   | Killed Sonja
 13806 | Lair:2   | Offered knowledge of Irradiate by Vehumet.
 13856 | Lair:2   | Noticed Harold
 13863 | Lair:2   | Killed Harold
 13934 | Lair:2   | Found a staircase to the Snake Pit.
 14301 | Lair:2   | Found a staircase to the Swamp.
 14898 | Lair:3   | Noticed Snorg
 14909 | Lair:3   | Killed Snorg
 15842 | Lair:4   | Found a labyrinth entrance.
 15854 | Lab      | Entered a labyrinth
 16006 | Lab      | Noticed a minotaur
 16012 | Lab      | Killed a minotaur
 16031 | Lab      | Got a flickering marble ring
 16039 | Lab      | Identified the ring of Fixation {rPois rF+ rN+ Str-5 Int+2}
                  | (You found it in a labyrinth)
 16055 | Lab      | Got an opalescent robe
 16067 | Lab      | Identified the +1 robe of Paycvuon {*Drain rN+ Str+5} (You
                  | found it in a labyrinth)
 16182 | Lair:4   | Noticed Kirke
 16604 | Lair:4   | Reached XP level 14. HP: 102/102 MP: 23/30
 17039 | Lair:4   | Killed Kirke
 18218 | Lair:6   | Entered Level 6 of the Lair of Beasts
 18291 | Lair:6   | Offered knowledge of Spellforged Servitor by Vehumet.
 18291 | Lair:6   | Noticed Nessos
 18845 | Lair:6   | Noticed Urug
 18849 | Lair:6   | Killed Urug
 18950 | Lair:6   | Found a staircase to the Slime Pits.
 19003 | Lair:6   | HP: 3/102 [elephant (16)]
 19492 | Lair:6   | Killed Nessos
 20100 | Lair:6   | Noticed a dire elephant
 20100 | Lair:6   | Noticed a dire elephant
 20115 | Lair:6   | Noticed a dire elephant
 20131 | Lair:6   | Noticed a dire elephant
 20137 | Lair:6   | Killed a dire elephant
 20137 | Lair:6   | Reached skill level 1 in Fighting
 20143 | Lair:6   | Killed a dire elephant
 20188 | Lair:6   | Noticed a dire elephant
 20195 | Lair:6   | Killed a dire elephant
 20195 | Lair:6   | Reached skill level 5 in Stealth
 20195 | Lair:6   | Reached XP level 15. HP: 44/115 MP: 26/32
 20537 | Lair:6   | Got a bound garnet amulet
 20668 | Lair:6   | Identified the Tome of Conjuration and Clay
 20920 | Orc:1    | Entered Level 1 of the Orcish Mines
 20926 | Orc:1    | Noticed Erolcha
 20930 | Orc:1    | Killed Erolcha
 21053 | Orc:1    | Learned a level 6 spell: Bolt of Cold
 21065 | Orc:1    | Found a dark tunnel.
 21076 | Volcano  | Entered a volcano
 21263 | Volcano  | Learned a level 4 spell: Iskenderun's Mystic Blast
 21439 | Volcano  | Reached skill level 5 in Fighting
 21586 | Orc:1    | Noticed an orc warlord
 21599 | Orc:1    | Killed an orc warlord
 21906 | Orc:2    | Entered Level 2 of the Orcish Mines
 21906 | Orc:2    | Found Qixku's Magic Scroll Shop.
 22137 | Orc:2    | Noticed an orc warlord
 22158 | Orc:2    | Killed an orc warlord
 22158 | Orc:2    | Reached skill level 10 in Stealth
 22354 | Orc:2    | Noticed an orc warlord
 22569 | Orc:1    | Killed an orc warlord
 22961 | Orc:2    | Found a roughly hewn altar of Beogh.
 22997 | Orc:2    | Offered knowledge of Iron Shot by Vehumet.
 23005 | Orc:2    | Identified the +2 robe of Hysteria {rPois Slay+2}
 23153 | Orc:2    | Found a burning altar of Makhleb.
 23161 | Orc:2    | Found a roughly hewn altar of Beogh.
 23168 | Orc:2    | Found Waus's Distillery.
 23377 | Orc:2    | Found a roughly hewn altar of Beogh.
 23381 | Orc:2    | Found Tuibanogh's Weapon Boutique.
 23428 | Orc:2    | Noticed Azrael
 23441 | Orc:2    | Killed Azrael
 23493 | Orc:2    | Found Biabo's Antique Weapon Boutique.
 23495 | Orc:2    | Found Munom's Antique Armour Shop.
 23496 | Orc:2    | Found a roughly hewn altar of Beogh.
 23513 | Orc:2    | Bought a glowing robe for 111 gold pieces
 23513 | Orc:2    | Bought a glowing cloak for 225 gold pieces
 23593 | Orc:2    | Found a roughly hewn altar of Beogh.
 23826 | Orc:2    | Found a staircase to the Elven Halls.
 23882 | Orc:2    | Learned a level 6 spell: Iron Shot
 24056 | Orc:2    | Bought 2 scrolls of acquirement for 1144 gold pieces
 24056 | Orc:2    | Bought a scroll of blinking for 82 gold pieces
 24056 | Orc:2    | Bought a scroll of teleportation for 33 gold pieces
 24056 | Orc:2    | Bought a scroll of teleportation for 33 gold pieces
 24056 | Orc:2    | Bought a scroll of magic mapping for 38 gold pieces
 24098 | Orc:2    | Bought a potion of heal wounds for 70 gold pieces
 24098 | Orc:2    | Bought a potion of heal wounds for 70 gold pieces
 24105 | Orc:2    | Got a spiked hat
 24116 | Orc:2    | Identified the +2 hat "Olal" {Dex+5} (You acquired it on
                  | level 2 of the Orcish Mines)
 24120 | Orc:2    | Got a pair of fine gloves
 24126 | Orc:2    | Identified the +2 pair of gloves "Motz" {*Contam rF+ Int+5}
                  | (You acquired it on level 2 of the Orcish Mines)
 24361 | Snake:1  | Entered Level 1 of the Snake Pit
 24403 | Swamp:1  | Entered Level 1 of the Swamp
 25105 | Swamp:1  | Reached skill level 1 in Earth Magic
 25107 | Swamp:1  | Reached ****** piety under Vehumet
 25108 | Swamp:1  | Reached XP level 16. HP: 141/141 MP: 20/33
 25806 | Swamp:2  | Found a runed door.
 25808 | Swamp:2  | Noticed Cricketeer's ghost (journeyman MiBe)
 26664 | Swamp:3  | Reached skill level 5 in Earth Magic
 26915 | Swamp:3  | Reached skill level 10 in Fighting
 26918 | Swamp:3  | Offered knowledge of Poison Arrow by Vehumet.
 26924 | Swamp:3  | Identified the amulet of the Tired Dances {Gourm rPois}
                  | (You found it on level 6 of the Lair of Beasts)
 27403 | Swamp:2  | Learned a level 6 spell: Poison Arrow
 27426 | Swamp:4  | Entered Level 4 of the Swamp
 27888 | Swamp:4  | Reached skill level 15 in Fire Magic
 28958 | Swamp:4  | Noticed an azure jelly
 28963 | Swamp:4  | Killed an azure jelly
 28963 | Swamp:4  | Offered knowledge of Ozocubu's Refrigeration by Vehumet.
 28963 | Swamp:4  | Reached skill level 15 in Conjurations
 28963 | Swamp:4  | Reached XP level 17. HP: 144/156 MP: 26/35
 29036 | Swamp:4  | Got a decaying rune of Zot
 29148 | Swamp:2  | Found a runed door.
 29158 | Swamp:2  | Killed Cricketeer's ghost
 30054 | Swamp:2  | Got a bloodstained chain mail
 31186 | Snake:1  | Noticed Roxanne
 31196 | Snake:1  | Killed Roxanne
 32751 | Snake:2  | Offered knowledge of Bolt of Fire by Vehumet.
 34138 | Snake:2  | Learned a level 6 spell: Bolt of Fire
 34788 | Snake:3  | Reached XP level 18. HP: 168/168 MP: 31/36
 34857 | Snake:3  | Found a sparkling altar of Nemelex Xobeh.
 35411 | Snake:3  | Noticed Saint Roka
 35427 | Snake:3  | Found Ahoom's Distillery.
 35427 | Snake:3  | Found Cost's Assorted Antiques.
 35427 | Snake:3  | Found Ismyr's Antique Armour Boutique.
 35688 | Snake:3  | Bought a potion of mutation for 144 gold pieces
 35690 | Snake:3  | Bought a scroll labeled TITHRO VELI for 40 gold pieces
 35690 | Snake:3  | Bought a scroll labeled JESIHU CIGOTO for 40 gold pieces
 35690 | Snake:3  | Bought a fizzy white potion for 36 gold pieces
 35941 | Snake:3  | Killed Saint Roka
 35941 | Snake:3  | Reached skill level 15 in Spellcasting
 36281 | Snake:3  | Got a heavily runed cloak
 36287 | Snake:3  | Gained mutation: Your spells are a little harder to cast,
                  | but a little more powerful. [potion of mutation]
 36287 | Snake:3  | Gained mutation: You can exhale a cloud of poison. [potion
                  | of mutation]
 36287 | Snake:3  | Gained mutation: You are partially covered in iridescent
                  | scales. (AC +2) [potion of mutation]
 36394 | Snake:4  | Entered Level 4 of the Snake Pit
 36902 | Snake:4  | Offered knowledge of Conjure Ball Lightning by Vehumet.
 37080 | Snake:4  | Found a burning altar of Makhleb.
 37108 | Snake:4  | Identified the +1 cloak "Sigauqok" {Str+5} (You found it on
                  | level 3 of the Snake Pit)
 38662 | Snake:4  | Reached XP level 19. HP: 171/178 MP: 20/38
 38715 | Snake:4  | Got a serpentine rune of Zot
 39643 | D:12     | Offered knowledge of Lehudib's Crystal Spear by Vehumet.
 39643 | D:12     | Offered knowledge of Fire Storm by Vehumet.
 39643 | D:12     | Offered knowledge of Chain Lightning by Vehumet.
 40476 | D:13     | Found a flagged portal.
 40508 | Bailey   | Entered a bailey
 40988 | D:13     | Found a runed gate.
 41027 | D:13     | Found a runed gate.
 41029 | D:13     | Found a runed gate.
 41033 | D:13     | Found an iron altar of Okawaru.
 41033 | D:13     | Noticed Snicker's ghost (journeyman DsAs)
 41132 | D:13     | Found a gate to the Vaults.
 41271 | D:13     | Killed Snicker's ghost
 41990 | D:14     | Learned a level 9 spell: Fire Storm
 42003 | D:14     | Got a steaming jade ring
 42204 | D:15     | Entered Level 15 of the Dungeon
 43043 | D:15     | Found a staircase to the Depths.
 43148 | Vaults:1 | Entered Level 1 of the Vaults
 43315 | D:10     | Killed Umoon's ghost
 43330 | D:10     | Identified the ring of Birdsong {MR+ MP+9 Str-4 Dex+3} (You
                  | found it on level 14 of the Dungeon)
 43404 | Orc:2    | Bought a potion of magic for 112 gold pieces
 43440 | Elf:1    | Entered Level 1 of the Elven Halls
 43926 | Elf:1    | Reached XP level 20. HP: 187/187 MP: 32/40
 44376 | Elf:1    | Found a deep blue altar of Sif Muna.
 44492 | Elf:2    | Found an ancient bone altar of Kikubaaqudgha.
 44580 | Elf:2    | Found a runed gate.
 44580 | Elf:2    | Found a runed gate.
 44584 | Elf:2    | Found a runed gate.
 46112 | Elf:3    | Entered Level 3 of the Elven Halls
 46128 | Elf:3    | Found Zinitusi's Gadget Shoppe.
 46172 | Elf:3    | Noticed Asterion
 46272 | Elf:3    | Identified the +1 chain mail of Biehyit {Dex+4} (You found
                  | it on level 2 of the Swamp)
 46396 | Elf:3    | Killed Asterion
 46712 | Elf:3    | Identified the ring of Peqifust {Fire rN+ Str+5}
 46746 | Elf:3    | Shot with an arrow by a deep elf master archer

Vault maps used:
D:1:      dpeg_arrival_stonehenge_8_columns, minmay_small_reverse_x
D:3:      lightli_temple_of_fire, kennysheep_decorative_pillar
D:4:      temple_statues, gup_sewer_entry_spiral, first_ration
D:5:      serial_shops, kennysheep_mini_moat, uniq_crazy_yiuf_cottage,
          uniq_pikel, uniq_ijyb
D:7:      corexii_shantytown, serial_shops,
          nicolae_shop_temple_entry_statues_fountains
D:8:      minmay_overflow_temple_star_quad, dpeg_oklobed_lair, grunt_pizzeria,
          uniq_psyche
D:9:      kennysheep_generic_room_14, uniq_maurice, uniq_joseph, uniq_erica
D:10:     orc_0_dummy, ebering_ghost_rock_garden, grunt_ministairs_5
D:11:     portal_ice_cave_demonic_guard
D:12:     roderic_lattice_a
D:13:     david_vaults_5, enter_bailey_2, gammafunk_ghost_fury_of_okawaru
D:14:     nrook_uturn
D:15:     grunt_enter_depths_snipers, hangedman_abyss_or_decor_slice,
          minmay_stone_trees_medium
Temple:   dpeg_five_rooms_temple
Lair:1:   kennysheep_abandoned_house, infiniplex_staircase_pool_2
Lair:2:   nicolae_swamp_entry_splash_gauntlet, minmay_snake_entry_six_corridors,
          fungi_pond_lemuel, uniq_sonja, uniq_harold
Lair:3:   uniq_snorg
Lair:4:   cheibrodos_lair_river_kwai, lab_entry_generic, beast_lair_carwin_5,
          uniq_kirke
Lair:6:   due_jungle_book, slime_dummy, st_stairs_10, uniq_nessos, uniq_urug
Swamp:1:  evilmike_swamp_ruin_house_3, hangedman_swamp_dais
Swamp:2:  gammafunk_mikee_crab_dinner, ebering_ghost_reflecting_pool,
          serial_swamp_ruin, evilmike_swamp_ruin_house_1,
          evilmike_swamp_ruin_house_2, swamp_pool4, cheibrodos_swamp_kobolds,
          infiniplex_staircase_pool
Swamp:3:  evilmike_swamp_ruin_house_6
Swamp:4:  swamp_icy
Snake:1:  hangedman_snake_pattern, uniq_roxanne
Snake:2:  guppyfry_snake_island
Snake:3:  lemuel_oklob_altar, minmay_shop_star, uniq_saint_roka
Snake:4:  snake_pit, basic_altar, nicolae_snake_squiggles, grunt_ministairs_13
Orc:1:    lightli_volcano_entry_magma_tube, minmay_orc_barracks, uniq_erolcha
Orc:2:    grunt_orc_community_town_hall, grunt_orc_community_big_house_2,
          grunt_orc_community_big_house_1, grunt_orc_community_house_3,
          grunt_orc_community_house_2, grunt_orc_community_house_2,
          grunt_orc_community_house_1, grunt_orc_community_house_1,
          serial_shops, shop, bloody_makhleb, uniq_azrael
Elf:1:    spider_trap, tgw_sif
Elf:2:    basic_altar
Elf:3:    nooodl_elf_gasket, serial_shops, shop, uniq_asterion
Vaults:1: hangedman_vaults_stagger, hangedman_vaults_unwind,
          nicolae_vaults_network_quinsquares, v_misc_12, v_pattern_5,
          nicolae_vaults_windows_and_doors_thing, ontoclasm_vaults_tryst,
          vaults_dpeg_hooks
Lab:      labyrinth_spiral, nicolae_lab_x
Sewer:    sewer_kobolds
Bailey:   bailey_polearm_5, bailey
IceCv:    ice_cave_small_giant
Volcano:  volcano_bunker

Skill      XL: |  1  2  3  4  5  6  7  8  9 10 11 12 13 14 15 16 17 18 19 20 |
---------------+-------------------------------------------------------------+-----
Conjurations   | 2 3 4 5 6 8 9 10 12 13 14 15 16 17 18 | 18.4
Spellcasting   | 3 4 5 6 7 8 10 11 12 13 14 15 16 17 | 17.2
Fire Magic     | 4 5 6 7 8 10 11 12 13 14 15 16 17 18 | 18.6
Fighting       | 2 8 10 12 13 | 13.2
Stealth        | 5 12 | 12.7
Earth Magic    | 1 5 |  5.4
Dodging        | |  1.5

Action                   |  1- 3 |  4- 6 |  7- 9 | 10-12 | 13-15 | 16-18 | 19-21 || total
-------------------------+-------+-------+-------+-------+-------+-------+-------++-------
Melee: Unarmed           |    10 |    17 |     1 |       |       |       |       ||    28
       Whip              |       |       |    51 |       |       |       |       ||    51
       Spear             |       |       |    13 |     9 |       |       |       ||    22
       Staff             |       |       |       |   100 |   246 |   131 |    94 ||   571
       Constrict         |       |       |       |       |    49 |    28 |    21 ||    98
Throw: Javelin           |       |       |       |       |       |       |     1 ||     1
 Cast: Flame Tongue      |    46 |   106 |   161 |    90 |    64 |       |     1 ||   468
       Conjure Flame     |       |     1 |     2 |     4 |     2 |     1 |     1 ||    11
       Sticky Flame      |       |     3 |    26 |    74 |   151 |    83 |    36 ||   373
       Fireball          |       |       |     2 |    83 |   327 |   498 |   256 ||  1166
       Bolt of Cold      |       |       |       |       |    14 |    60 |    22 ||    96
       Iskenderun's Myst |       |       |       |       |     8 |    10 |     2 ||    20
       Bolt of Magma     |       |       |       |       |     8 |    12 |       ||    20
       Iron Shot         |       |       |       |       |     1 |    20 |    45 ||    66
       Poison Arrow      |       |       |       |       |       |    12 |     5 ||    17
       Bolt of Fire      |       |       |       |       |       |     4 |    37 ||    41
       Fire Storm        |       |       |       |       |       |       |     4 ||     4
 Abil: Spit Poison       |    22 |    24 |    25 |    14 |     7 |     1 |       ||    93
       Breathe Poison Ga |       |       |       |       |       |     1 |       ||     1
Evoke: Wand              |       |       |    10 |    31 |    16 |     7 |       ||    64
  Use: Potion            |       |     2 |     1 |     1 |     3 |     7 |     3 ||    17
       Scroll            |       |       |     8 |     6 |    22 |    13 |     8 ||    57
 Stab: Sleeping          |       |     1 |     1 |       |       |       |     1 ||     3
       Confused          |       |       |       |       |       |     2 |       ||     2
  Eat: Chunk             |     2 |     7 |    13 |    31 |    65 |    14 |    15 ||   147
       Ration            |       |       |       |     3 |     2 |     8 |     2 ||    15
Armor: Robe              |     8 |    19 |    58 |    28 |   168 |   216 |   163 ||   660
       Skin              |       |       |    15 |    10 |    71 |    13 |       ||   109
       Leather armour    |       |       |       |   155 |    79 |       |       ||   234
Dodge: Dodged            |    33 |    64 |   102 |   152 |   209 |   128 |    67 ||   755
Block: Buckler           |       |       |       |       |    83 |   152 |    74 ||   309

Table legend:
 A = Non-vault XP
 B = Vault XP
 C = Vault XP percentage of total XP
 D = Non-vault monster count
 E = Vault monster count
 F = Vault count percentage of total count
                 A         B        C        D         E       F
            +---------+---------+-------+---------+---------+-------
      Total |  272080 |  205715 |  43.1 |     944 |     551 |  36.9
            +---------+---------+-------+---------+---------+-------
        D:1 |      16 |       9 |  36.0 |       7 |       4 |  36.4
        D:2 |      57 |       0 |   0.0 |      23 |       0 |   0.0
        D:3 |     246 |       0 |   0.0 |      33 |       0 |   0.0
        D:4 |     228 |      24 |   9.5 |      22 |       5 |  18.5
        D:5 |     529 |     755 |  58.8 |      15 |       3 |  16.7
        D:6 |     472 |       0 |   0.0 |      11 |       0 |   0.0
        D:7 |    1507 |     139 |   8.4 |      26 |      37 |  58.7
        D:8 |    3454 |     628 |  15.4 |      28 |       2 |   6.7
        D:9 |    2551 |    1876 |  42.4 |      37 |       3 |   7.5
       D:10 |     586 |    1261 |  68.3 |      15 |       3 |  16.7
       D:11 |   10706 |     703 |   6.2 |      42 |       2 |   4.5
       D:12 |    6428 |       0 |   0.0 |      34 |       0 |   0.0
       D:13 |    7041 |    8581 |  54.9 |      32 |      17 |  34.7
       D:14 |    4543 |    7298 |  61.6 |      27 |      27 |  50.0
       D:15 |   11021 |    2306 |  17.3 |      41 |       3 |   6.8
     Lair:1 |    1654 |     309 |  15.7 |       9 |      12 |  57.1
     Lair:2 |    4394 |    4292 |  49.4 |      26 |      27 |  50.9
     Lair:3 |    1664 |    1112 |  40.1 |       5 |       1 |  16.7
     Lair:4 |    5788 |    7479 |  56.4 |      24 |      20 |  45.5
     Lair:5 |    4837 |       0 |   0.0 |      17 |       0 |   0.0
     Lair:6 |   18727 |    5273 |  22.0 |      43 |       9 |  17.3
    Swamp:1 |   13798 |    5473 |  28.4 |      37 |       8 |  17.8
    Swamp:2 |    9027 |   11675 |  56.4 |      21 |      16 |  43.2
    Swamp:3 |   10828 |       0 |   0.0 |      24 |       0 |   0.0
    Swamp:4 |   20480 |    8850 |  30.2 |      54 |      29 |  34.9
    Snake:1 |   22776 |    1992 |   8.0 |      42 |       1 |   2.3
    Snake:2 |   19221 |    1672 |   8.0 |      37 |       3 |   7.5
    Snake:3 |   13646 |    9084 |  40.0 |      23 |      21 |  47.7
    Snake:4 |   24000 |   33791 |  58.5 |      45 |      47 |  51.1
      Orc:1 |    6310 |    2964 |  32.0 |      36 |      18 |  33.3
      Orc:2 |    3123 |    9213 |  74.7 |      34 |      79 |  69.9
      Elf:1 |   22821 |      40 |   0.2 |      43 |       1 |   2.3
      Elf:2 |    7673 |   24491 |  76.1 |      14 |      30 |  68.2
      Elf:3 |    8301 |   32628 |  79.7 |      13 |      23 |  63.9
   Vaults:1 |    3627 |       0 |   0.0 |       4 |       0 |   0.0
        Lab |       0 |    1169 | 100.0 |       0 |       1 | 100.0
      Sewer |       0 |     141 | 100.0 |       0 |      12 | 100.0
     Bailey |       0 |    4658 | 100.0 |       0 |      40 | 100.0
      IceCv |       0 |    9020 | 100.0 |       0 |      36 | 100.0
    Volcano |       0 |    6809 | 100.0 |       0 |      11 | 100.0
            +---------+---------+-------+---------+---------+-------
